Map: Oceanborn LE

Players

ForJumyyyy (ForJumy) - Winner!

  • Race: Protoss Protoss
  • League: Master
  • Spawn Location: 5:00

RedpackCuKu (CuKu)

  • Race: Terran Terran
  • Spawn Location: 11:00

Event: HomeStory Cup XXV

VOD

Have the link to the VOD?

Description

Time

  • Played on: June 22, 2024, 9:04 a.m.
  • Length: 7:15

All games in this series

Show
View Real Time Build Order
Export as new Build Order

ForJumyyyy Protoss - Winner!

Build Orders: 1 Gate Expand, Zealot Archon 

Get SALT Encoding   

  12  0:00  Probe  
  13  0:12  Probe  
  14  0:17  Pylon  
  14  0:24  Probe  
  15  0:35  Gateway  
  15  0:37  Probe (Chrono Boost)  
  16  0:46  Probe (Chrono Boost)  
  16  0:47  Assimilator  
  17  0:51  Probe (Chrono Boost)  
  18  1:03  Probe  
  19  1:15  Probe  
  20  1:22  Cybernetics Core  
  20  1:36  Nexus  
  20  1:42  Pylon  
  20  1:45  Probe  
  21  1:51  Assimilator  
  21  1:56  Adept (Chrono Boost)  
  23  2:01  Warp Gate  
  23  2:09  Probe  
  24  2:20  Adept  
  24  2:21  Probe (Chrono Boost)  
  26  2:32  Probe (Chrono Boost)  
  26  2:37  Probe (Chrono Boost)  
  28  2:44  Twilight Council  
  28  2:48  Probe (Chrono Boost)  
  30  2:53  Adept, Probe (Chrono Boost)  
  30  2:57  Probe (Chrono Boost)  
  33  3:01  Probe (Chrono Boost)  
  33  3:02  Probe (Chrono Boost)  
  35  3:10  Gateway  
  35  3:12  Probe (Chrono Boost)  
  36  3:14  Probe (Chrono Boost)  
  37  3:26  Probe (Chrono Boost)  
  39  3:29  Robotics Facility  
  39  3:30  Probe (Chrono Boost)  
  39  3:32  Charge (Chrono Boost)  
  39  3:34  Probe (Chrono Boost)  
  39  3:36  Probe (Chrono Boost)  
  39  3:39  Gateway  
  39  3:42  Probe  
  39  3:47  Pylon  
  39  3:48  Probe  
  41  3:54  Stalker  
  41  3:55  Probe  
  44  4:00  Probe  
  45  4:06  Stalker  
  45  4:07  Probe  
  48  4:15  Nexus  
  46  4:17  Warp Prism (Chrono Boost)  
  48  4:24  Pylon  
  48  4:27  Zealot  
  50  4:33  Zealot  
  50  4:34  Probe  
  53  4:39  Zealot  
  53  4:42  Probe  
  53  4:44  Assimilator  
  54  4:48  Observer  
  54  4:49  Zealot  
  57  4:56  Stalker  
  57  4:58  Probe x2  
  61  5:00  Forge  
  61  5:01  Templar Archives  
  61  5:04  Assimilator  
  61  5:10  Probe  
  61  5:12  Pylon  
  62  5:14  Pylon  
  62  5:27  Probe x2  
  64  5:30  Observer, Psionic Storm  
  64  5:34  Probe (Chrono Boost)  
  61  5:36  Zealot  
  61  5:37  Zealot x2  
  68  5:43  Probe (Chrono Boost)  
  68  5:47  Probe (Chrono Boost)  
  68  5:49  Probe (Chrono Boost)  
  70  5:50  Gateway  
  70  5:52  Gateway  
  70  5:53  Observer  
  70  5:56  Probe (Chrono Boost)  
  73  5:57  Probe x2 (Chrono Boost)  
  73  5:59  Observer, High Templar  
  73  6:03  High Templar  
  80  6:05  Probe (Chrono Boost)  
  80  6:06  Gateway  
  80  6:07  Probe (Chrono Boost)  
  80  6:08  Gateway  
  80  6:10  Probe x2 (Chrono Boost)  
  81  6:18  Shield Battery  
  81  6:20  Immortal (Chrono Boost)  
  81  6:24  Shield Battery  
  85  6:33  Zealot x2  
  85  6:39  Zealot  
  91  6:44  Pylon x2  
  91  6:46  Pylon  
  91  6:48  High Templar  
  91  6:50  Pylon  
  91  6:58  Archon  
  84  7:01  Zealot x5  
  80  7:12  Zealot  
Show
View Real Time Build Order
Export as new Build Order

RedpackCuKu Terran 

Build Orders: 2 Factory 

Get SALT Encoding   

  12  0:00  SCV  
  13  0:12  SCV  
  14  0:18  Supply Depot  
  14  0:24  SCV  
  15  0:40  SCV  
  15  0:42  Barracks  
  16  0:46  Refinery  
  16  0:52  SCV  
  17  1:04  SCV  
  18  1:16  SCV  
  19  1:30  Marine  
  19  1:31  Orbital Command  
  20  1:46  Command Center  
  20  1:50  Barracks Reactor  
  20  1:59  SCV  
  21  2:07  Factory  
  21  2:11  SCV  
  22  2:18  Refinery  
  22  2:23  SCV  
  23  2:31  Supply Depot  
  22  2:37  Factory  
  22  2:40  SCV  
  22  2:43  Bunker  
  23  2:49  Barracks  
  23  2:53  Marine x2  
  23  2:54  SCV  
  26  2:59  Orbital Command  
  25  3:06  SCV  
  26  3:15  Marine x2  
  28  3:22  Factory Tech Lab  
  28  3:30  SCV  
  28  3:34  Marine x2  
  28  3:40  Siege Tank  
  33  3:42  Marine  
  34  3:50  Starport  
  34  3:54  Marine x2  
  36  4:00  Marine  
  37  4:08  SCV x2, Starport  
  39  4:12  Marine x2  
  40  4:18  Marine  
  40  4:22  Siege Tank  
  44  4:24  SCV  
  44  4:31  Marine  
  45  4:35  Marine  
  45  4:37  Medivac  
  49  4:38  Barracks  
  49  4:41  Marine  
  50  4:48  Supply Depot  
  50  4:49  Marine  
  51  4:53  Marine  
  53  5:02  Marine  
  54  5:08  Marine  
  54  5:09  Liberator  
  54  5:10  Siege Tank  
  60  5:14  Marine  
  60  5:20  Marine  
  62  5:26  Marine  
  61  5:32  Marine x2  
  61  5:34  SCV  
  62  5:39  Marine  
  62  5:40  Supply Depot, SCV  
  64  5:44  Siege Tank, Marine  
  68  5:50  Marine x2  
  70  6:01  Marine x2  
  72  6:08  Marine x2  
  74  6:18  Siege Tank  
  77  6:19  Marine  
  78  6:29  Marine x3  
  80  6:36  Marine  
  80  6:46  Marine x3  
  77  6:54  Marine  
Tags
 
Add a new tag
Caveats
  • Supply blocks, unpowered buildings, or Contaminate may cause inaccurate times.
  • Supply counts are checked every 10 seconds.